 Dungeon Crawl Stone Soup version 0.30-a0-4-ga7cffc901d (webtiles) character file.

Game seed: 8940184693573858425

77 Sobieck the Sneak (level 4, 0/24 HPs)
             Began as a Vine Stalker Monk on Aug 20, 2022.
             Slain by an orc priest
             ... wielding a +0 whip
              (1 damage)
             ... on level 3 of the Dungeon.
             The game lasted 00:03:44 (2228 turns).

Sobieck the Sneak (Vine Stalker Monk)               Turns: 2228, Time: 00:03:45

Health: 0/24       AC:  2    Str: 13    XL:     4   Next: 34%
Magic:  0/5        EV: 17    Int: 16    God:
Gold:   19         SH:  0    Dex: 19    Spells: 3/3 levels left

rFire   . . .      SeeInvis .    a - +0 short sword {short}
rCold   . . .      Faith    .    (no shield)
rNeg    . . .      Spirit   +    b - +0 robe
rPois   .          Reflect  .    (no helmet)
rElec   .          Harm     .    (no cloak)
rCorr   .          Rampage  .    (no gloves)
Will    .....                    (no boots)
Stlth   +++.......               (no amulet)
HPRegen 0.88/turn                m - +4 ring of evasion
MPRegen 0.09/turn                q - +6 ring of intelligence

@: hasted, very quick
A: fangs 2, regeneration 1, magic shield, antimagic bite, no potion heal 2
a: no special abilities


You were on level 3 of the Dungeon.
You visited 1 branch of the dungeon, and saw 3 of its levels.

You collected 107 gold pieces.
You spent 88 gold pieces at shops.


Innate Abilities, Weirdness & Mutations

You have extremely sharp teeth.
Your natural rate of healing is unusually fast.
When hurt, damage is shared between your health and your magic reserves.
Your bite disrupts and absorbs the magic of your enemies.
Potions cannot restore your health.


   Skills:
 + Level 3.4 Fighting
 + Level 3.4 Short Blades
 - Level 2.4 Dodging
 + Level 3.9 Stealth


You had 3 spell levels left.
You didn't know any spells.
Your spell library contained the following spells:

 Spells                   Type           Power      Damage    Failure   Level
 Blink                    Tloc           0%         N/A       36%         2
 Manifold Assault         Tloc           0%         N/A       100%        5
 Storm Form               Tmut/Air       0%         N/A       100%        7

Inventory:

Hand Weapons
 a - a +0 short sword (weapon) {short}
Missiles
 g - 5 boomerangs (quivered) {throwing}
 h - 37 stones {throwing}
 o - 9 poisoned darts {throwing}
Armour
 b - a +0 robe (worn)
 d - a +0 leather armour
   (You found it on level 1 of the Dungeon)
 i - a +0 chain mail
   (You found it on level 1 of the Dungeon)
 k - a +0 leather armour
   (You found it on level 1 of the Dungeon)
 p - a +0 plate armour
   (You found it on level 2 of the Dungeon)
Jewellery
 m - a +4 ring of evasion (left hand)
   (You found it on level 2 of the Dungeon)
 q - a +6 ring of intelligence (right hand)
   (You found it on level 2 of the Dungeon)
Scrolls
 e - a scroll of amnesia {unknown}
 f - a scroll of teleportation {@r4}
 t - a scroll of poison {unknown}
Potions
 l - a potion of might
 n - a potion of degeneration {!q@e2}
 r - a potion of flight
 s - a potion of mutation {!q}

Dungeon Overview and Level Annotations

Branches:
Dungeon (3/15) Zot: 15783

Altars:

Shops:
D:3 ?(*

Annotations:
D:2 Sigmund

... ##..)..... .#.#
......... ####### ....#
......... ......# #$#..#
#.!...... ......#
#.....###oo......
.....†# #.....#..#
......### #...#+#
........########o#.#.#
#####.........##@###.###
#.#####...##o'..∩..+ #.#
###....###.###
#####.########...#.#.#
...................#+#..
......########..........
....### #####........##
....# #...#.........
....# #.#.........#.


You could see an orc priest and an orc.


Message History

The orc priest shouts!
You hit the endoplasm. The bat barely misses you.
The endoplasm barely misses you.
Unknown command.
The orc wizard casts a spell.
The orc wizard flickers and vanishes!
Deactivating autopickup; reactivate with Ctrl-A.
The bat barely misses you. The bat hits you but does no damage.
The bat hits you. The bat misses you.
Unknown command.
You closely miss the bat. The bat closely misses you. The bat misses you.
You hit the bat but do no damage. Your bite misses the bat.
The bat barely misses you.
You barely miss the orc. The orc closely misses you.
You hit the orc. Your bite misses the orc.
The orc hits you with a +2 whip of electrocution.
You hit the orc.
You kill the orc!
The bat completely misses you. The bat barely misses you.
Unknown command.
You hit the bat but do no damage. The bat hits you but does no damage.
You barely miss the orc. Your bite misses the orc. You closely miss the orc.
You bite the orc. You drain its power. The orc hits you with a +0 dagger.
You barely miss the orc. The orc completely misses you.
You hit the orc. You bite the orc.
You kill the orc!
The bat barely misses you.
Unknown command.
Unknown command.
You hit the bat.
You kill the bat!
You barely miss something. Your bite misses something.
Something barely misses you.
Unknown command.
You hit something. Your bite misses something. Something completely misses you.
Unknown command.
You hit something. Something hits you.
Danger!
You hit something. Something hits you.
You miss something.
An orc wizard appears from thin air!
Reactivating autopickup.
The orc wizard hits you with a +0 dagger.
* * * LOW HITPOINT WARNING * * *
The orc priest miscasts a cantrip.
Unknown command.
You closely miss the orc wizard. The orc wizard misses you.
You barely miss the orc wizard. You bite the orc wizard.
The orc wizard's magic leaks into the air.
You drain its magic.
You feel invigorated.
The orc wizard gestures at you while chanting.
The puff of flame hits you!
* * * LOW HITPOINT WARNING * * *
You hit the orc wizard.
You bite the orc wizard, but do no damage.
The orc wizard closely misses you.
You closely miss the orc wizard.
Unknown command.
You feel yourself speed up.
The orc wizard falters for a moment.
You are confused.
Your system rejects the healing.
You feel invigorated.
The orc wizard hits you with a +0 dagger.
* * * LOW HITPOINT WARNING * * *
You bump into the rock wall.
The orc priest begins to cast a cantrip, but forgets the words!
The orc wizard closely misses you.
Unknown command.
You closely miss the orc wizard.
Unknown command.
There is an open door here.
Unknown command.
Unknown command.
You miss the orc wizard. You bite the orc wizard.
You kill the orc wizard!
You have reached level 4!
You feel agile.
You begin to heal more quickly.
The orc priest barely misses you.
Things that are here:
a +0 dagger {short}; a +0 robe; an orc corpse Unknown command.
You bump into the rock wall.
The orc priest hits you with a +0 whip.
* * * LOW HITPOINT WARNING * * *
You bump into the rock wall.
Unknown command.
There is an open door here.
You bump into the rock wall.
You feel less invigorated.
You feel less confused. The orc priest hits you with a +0 whip!
* * * LOW HITPOINT WARNING * * *
Unknown command.
You hit the orc priest. You bite the orc priest. You drain its power.
You feel invigorated.
You closely miss the orc priest. Your bite misses the orc priest.
Unknown command.
The orc hits you with a +0 hand axe.
* * * LOW HITPOINT WARNING * * *
The orc priest hits you with a +0 whip.
You die...

Skill      XL: |  1  2 |
---------------+-------+-----
Stealth        | 3 |  3.9
Fighting       | 3 |  3.4
Short Blades   | 3 |  3.4
Dodging        | |  2.4

Action                   |  1- 3 |  4- 6 || total
-------------------------+-------+-------++-------
Melee: Short sword       |   124 |     2 ||   126
       Bite              |    30 |     1 ||    31
       Punch             |     2 |       ||     2
  Use: Scroll            |     6 |       ||     6
       Potion            |     2 |       ||     2
 Stab: Sleeping          |     4 |       ||     4
Armor: Robe              |    16 |       ||    16
Dodge: Dodged            |    89 |     1 ||    90

Levels and vault maps discovered:
D:1:      ncdulo_watergridlock, layout_basic,
          hellmonk_ecumenical_altar_inner_sanctum
D:2:      layout_rooms, minmay_tromino_v7, uniq_sigmund
D:3:      layout_rooms, grunt_gozag_breadcrumbs, serial_shops,
          nicolae_square_shop, shop, nicolae_shop_crystal,
          nicolae_shop_hallway_plus, shop

Notes
Turn   | Place    | Note
-------+----------+-------------------------------------------
     0 | D:1      | Sobieck the Vine Stalker Monk began the quest for the Orb.
     0 | D:1      | Reached XP level 1. HP: 11/11 MP: 2/2
   127 | D:1      | Reached XP level 2. HP: 8/16 MP: 1/3
   325 | D:1      | HP: 4/16 [frozen (4)]
   327 | D:1      | Reached skill level 3 in Stealth
   717 | D:1      | Reached skill level 3 in Fighting
   724 | D:1      | Reached skill level 3 in Short Blades
   840 | D:1      | Found a faded altar of an unknown god.
  1046 | D:1      | You add the spells Blink, Manifold Assault and Storm Form
                  | to your library.
  1073 | D:1      | Reached XP level 3. HP: 12/20 MP: 1/4
  1924 | D:2      | Noticed Sigmund
  2056 | D:2      | You fall into a shaft and drop 1 floor!
  2056 | D:3      | Found Pimpon's Magic Scroll Shop.
  2098 | D:3      | Bought a scroll of identify for 26 gold pieces
  2137 | D:3      | Found Ukewirr's Antique Weapon Boutique.
  2173 | D:3      | Found Foushr Holu's Assorted Antiques.
  2179 | D:3      | Bought a scroll labelled TONGOT POEMOI for 31 gold pieces
  2179 | D:3      | Bought a scroll labelled KIUFUE SOIPYOTEEST for 31 gold
                  | pieces
  2212 | D:3      | HP: 3/20 [orc wizard/puff of flame (6)]
  2221 | D:3      | Gained mutation: Your natural rate of healing is unusually
                  | fast. [Vine Stalker growth]
  2221 | D:3      | Reached XP level 4. HP: 3/24 MP: 5/5
  2222 | D:3      | HP: 2/24 [orc priest/+0 whip (2)]
  2228 | D:3      | HP: 1/24 [orc/+0 hand axe (2)]
  2228 | D:3      | Slain by an orc priest

Vanquished Creatures
  An orc wizard (D:3)
  A worm (D:2)
  A dart slug (D:3)
  2 orcs (D:3)
  7 bats
  6 endoplasms
  3 giant cockroaches
  3 hobgoblins
  2 jackals (D:1)
  2 kobolds
  A quokka (D:2)
  6 ball pythons
  2 frilled lizards
  6 rats
43 creatures vanquished.

Table legend:
 A = Non-vault XP
 B = Vault XP
 C = Vault XP percentage of total XP
 D = Non-vault monster count
 E = Vault monster count
 F = Vault count percentage of total count
                 A         B        C        D         E       F
            +---------+---------+-------+---------+---------+-------
      Total |     109 |       2 |   1.8 |      42 |       1 |   2.3
            +---------+---------+-------+---------+---------+-------
        D:1 |      36 |       0 |   0.0 |      22 |       0 |   0.0
        D:2 |      21 |       2 |   8.7 |      11 |       1 |   8.3
        D:3 |      52 |       0 |   0.0 |       9 |       0 |   0.0
            +---------+---------+-------+---------+---------+-------

Illustrated notes

Table legend:
 A = Kills in this place as a percentage of kills in entire the game.
 B = Kills by you in this place as a percentage of kills by you in the entire game.
 C = Kills by friends in this place as a percentage of kills by friends in the entire game.
 D = Other kills in this place as a percentage of other kills in the entire game.
 E = Experience gained in this place as a percentage of experience gained in the entire game.
 F = Experience gained in this place divided by the number of levels of this place that you have seen.
                   A       B       C       D       E      F
               +-------+-------+-------+-------+-------+----------------------
         Total | 100.0 | 100.0 |   N/A |   N/A | 100.0 |  37.0
       Dungeon | 100.0 | 100.0 |   N/A |   N/A | 100.0 |  37.0
               +-------+-------+-------+-------+-------+----------------------

Table legend: (Time is in decaauts)
 A = Elapsed time spent in this place.
 B = Non-inter-level travel time spent in this place.
 C = Inter-level travel time spent in this place.
 D = Time resting spent in this place.
 E = Time spent auto-exploring this place.
 F = Levels seen in this place.
 G = Mean time per level.
                   A        B        C        D        E       F      G
               +--------+--------+--------+--------+--------+-----+--------+
         Total |   2216 |   2201 |     15 |     17 |   1876 |   3 |  738.7 |
       Dungeon |   2216 |   2201 |     15 |     17 |   1876 |   3 |  738.7 |
               +--------+--------+--------+--------+--------+-----+--------+

Top non-repeatable levels by time:
     D:1: 1322 daAuts
     D:2: 728 daAuts
     D:3: 165 daAuts
